Map: Jagannatha LE

Players

RazerBlader - Winner!

  • Race: Terran Terran
  • League: Master
  • Spawn Location: 7:00

BlysK

  • Race: Protoss Protoss
  • League: Master
  • Spawn Location: 1:00

Event: DreamHack SC2 Masters 2020 Winter

VOD

Have the link to the VOD?

Description

Time

  • Played on: Oct. 17, 2020, 4:23 a.m.
  • Length: 9:23

All games in this series

Show
View Real Time Build Order
Export as new Build Order

RazerBlader Terran - Winner!

Build Orders: Reaper Expand 

Get SALT Encoding   

  12  0:00  SCV  
  13  0:12  SCV  
  14  0:17  Supply Depot  
  14  0:24  SCV  
  15  0:39  SCV  
  15  0:40  Barracks  
  16  0:44  Refinery  
  16  0:51  SCV  
  17  1:03  SCV  
  18  1:15  SCV  
  19  1:28  Orbital Command  
  19  1:29  Reaper  
  20  1:42  Command Center  
  20  1:50  Supply Depot  
  21  1:54  SCV  
  21  2:01  Marine  
  21  2:06  SCV  
  23  2:11  Factory  
  23  2:23  Barracks Reactor  
  23  2:26  SCV, Bunker  
  23  2:28  Refinery  
  24  2:38  SCV  
  25  2:50  SCV  
  26  2:56  Hellion  
  26  2:58  Starport  
  28  3:02  SCV  
  28  3:03  Orbital Command  
  29  3:05  Marine x2  
  31  3:14  SCV  
  31  3:18  Factory Tech Lab  
  32  3:24  Marine x2  
  32  3:26  SCV  
  35  3:29  Supply Depot, SCV  
  36  3:39  SCV  
  37  3:42  SCV  
  37  3:44  Factory Tech Lab  
  37  3:45  Barracks  
  38  3:49  Raven  
  38  3:51  SCV  
  38  3:54  SCV, Marine  
  38  3:55  Marine, Supply Depot  
  44  4:03  SCV  
  44  4:05  Barracks  
  44  4:06  SCV  
  44  4:09  Siege Tank  
  49  4:15  SCV  
  49  4:16  Marine x2  
  52  4:17  Supply Depot  
  52  4:19  SCV  
  53  4:28  SCV  
  52  4:31  SCV  
  52  4:40  SCV, Refinery  
  52  4:41  Marine x2, Engineering Bay  
  52  4:42  Stimpack  
  52  4:43  SCV  
  52  4:44  Marauder  
  58  4:49  Supply Depot  
  58  4:52  SCV  
  59  4:55  SCV  
  60  5:00  Factory Reactor  
  60  5:01  Marauder, Marine, Starport Reactor  
  60  5:02  Marine, Refinery  
  60  5:07  Marauder  
  66  5:08  SCV  
  66  5:12  Supply Depot  
  66  5:13  SCV  
  68  5:16  Terran Infantry Weapons Level 1  
  68  5:20  SCV  
  69  5:22  Marauder  
  69  5:25  SCV  
  72  5:30  Marine x2, Marauder  
  72  5:32  SCV  
  77  5:36  Supply Depot  
  77  5:37  Combat Shield  
  77  5:40  Widow Mine  
  79  5:44  Widow Mine  
  79  5:49  SCV, Supply Depot  
  82  5:51  Marine x2  
  82  5:54  Medivac  
  86  5:58  Medivac  
  86  6:02  Marauder  
  90  6:06  Widow Mine  
  90  6:07  Widow Mine  
  90  6:10  Marauder  
  96  6:13  Marine x2  
  98  6:23  Marine  
  98  6:25  Concussive Shells  
  99  6:31  Marauder  
  99  6:32  Marine x2  
  105  6:42  Marine  
  105  6:45  Command Center  
  106  6:49  Widow Mine x2, Medivac  
  110  6:55  Supply Depot, Marine  
  110  6:57  Marine  
  110  6:59  Medivac  
  110  7:01  Marine x2  
  100  7:10  Terran Infantry Armor Level 1  
  100  7:13  Marine  
  99  7:20  Widow Mine  
  95  7:24  Marine  
  95  7:25  Marine, Marauder  
  95  7:28  SCV  
  96  7:35  Medivac  
  95  7:38  SCV  
  95  7:39  Marine  
  95  7:43  Marauder  
  90  7:48  Marine, Marauder  
  91  7:57  Marine  
  92  8:04  Marine  
  87  8:16  Marine, Marauder  
  79  8:22  Marine  
  79  8:23  Marauder  
  80  8:30  Orbital Command  
  80  8:34  Marine  
  80  8:38  Marauder  
  80  8:40  Marine  
  84  8:44  Marine  
  85  8:51  Marine  
  82  8:58  Marine  
  82  8:59  Marauder  
  82  9:02  Marine  
Show
View Real Time Build Order
Export as new Build Order

BlysK Protoss 

Build Orders: 1 Gate Expand, Blink Stalkers, Colossus Rush 

Get SALT Encoding   

  12  0:00  Probe  
  13  0:12  Probe  
  14  0:17  Pylon  
  14  0:24  Probe  
  15  0:37  Gateway  
  15  0:38  Probe (Chrono Boost)  
  16  0:44  Assimilator  
  17  0:50  Probe (Chrono Boost)  
  17  0:57  Probe (Chrono Boost)  
  18  1:04  Probe  
  19  1:25  Nexus  
  19  1:33  Cybernetics Core  
  19  1:34  Probe  
  20  1:40  Assimilator  
  20  1:46  Probe  
  21  1:51  Pylon  
  21  1:58  Probe  
  22  2:06  Adept (Chrono Boost)  
  22  2:10  Warp Gate  
  22  2:11  Probe  
  25  2:23  Probe  
  25  2:29  Adept  
  28  2:35  Probe  
  28  2:36  Twilight Council  
  30  2:44  Probe  
  30  2:47  Probe  
  31  2:56  Probe  
  32  2:59  Probe  
  33  3:08  Probe  
  33  3:10  Blink (Chrono Boost)  
  33  3:11  Probe  
  35  3:18  Gateway  
  35  3:19  Probe  
  35  3:21  Probe  
  35  3:26  Robotics Facility  
  37  3:27  Probe  
  37  3:29  Probe  
  37  3:33  Shield Battery  
  39  3:35  Probe  
  39  3:37  Probe  
  40  3:46  Probe  
  42  3:49  Pylon, Probe  
  43  3:58  Stalker  
  43  3:59  Probe  
  46  4:03  Pylon  
  46  4:07  Probe  
  47  4:12  Probe  
  47  4:16  Stalker  
  50  4:18  Pylon  
  50  4:19  Observer (Chrono Boost)  
  50  4:22  Stalker  
  51  4:32  Probe  
  51  4:33  Probe  
  51  4:36  Nexus  
  53  4:39  Assimilator, Observer  
  53  4:44  Assimilator  
  53  4:45  Probe  
  55  4:47  Robotics Bay  
  55  4:51  Probe  
  56  4:57  Gateway, Probe  
  56  4:59  Gateway  
  58  5:10  Forge, Warp Prism (Chrono Boost)  
  58  5:13  Gateway  
  59  5:15  Charge (Chrono Boost)  
  59  5:16  Probe  
  59  5:20  Probe  
  61  5:28  Probe  
  62  5:29  Pylon  
  62  5:33  Probe  
  63  5:35  Colossus (Chrono Boost)  
  63  5:40  Probe  
  70  5:43  Protoss Ground Weapons Level 1  
  70  5:47  Probe  
  71  5:54  Probe  
  71  5:55  Gateway, Probe  
  73  5:57  Gateway  
  73  6:00  Pylon, Probe  
  74  6:09  Pylon, Probe  
  75  6:14  Colossus (Chrono Boost)  
  81  6:21  Shield Battery  
  81  6:24  Zealot x2  
  84  6:30  Zealot x2  
  84  6:32  Sentry  
  90  6:47  Shield Battery  
  90  6:48  Pylon, Extended Thermal Lance  
  90  6:50  Stalker  
  90  6:51  Zealot x3  
  101  6:56  Zealot x2  
  101  6:58  Stalker  
  103  7:09  Probe x2  
  103  7:12  Zealot x3  
  107  7:16  Zealot x3  
  88  7:28  Zealot x3  
  89  7:33  Zealot x2  
  86  7:37  Stalker  
  86  7:38  Probe  
  86  7:41  Pylon  
  86  7:43  Pylon  
  81  7:46  Probe  
  81  7:49  Stalker  
  81  7:50  Stalker x2, Probe  
  76  7:57  Zealot x2  
  70  8:00  Probe  
  70  8:04  Stalker  
  70  8:05  Probe  
  64  8:06  Nexus  
  50  8:13  Probe  
  50  8:17  Probe  
  50  8:25  Probe (Chrono Boost)  
  51  8:29  Probe (Chrono Boost)  
  52  8:36  Zealot x3  
  52  8:37  Probe (Chrono Boost)  
  52  8:40  Zealot  
Tags
 
Add a new tag
Caveats
  • Supply blocks, unpowered buildings, or Contaminate may cause inaccurate times.
  • Supply counts are checked every 10 seconds.